 Dungeon Crawl Stone Soup version 0.20-a0-201-g851c6fa (webtiles) character file.

241092 KristoblXynda the Spry (level 19, -2/100 HPs)
             Began as a Spriggan Berserker on Nov 24, 2016.
             Was a Priest of Trog.
             Slain by a jumping spider (3 damage)
             ... summoned by a deep elf mage
             ... on level 1 of the Vaults.
             The game lasted 02:28:44 (41911 turns).

KristoblXynda the Spry (Spriggan Berserker)        Turns: 41911, Time: 02:28:45

Health: -2/100     AC: 13    Str: 11    XL:     19   Next: 6%
Magic:  32/32      EV: 36    Int: 12    God:    Trog [***...]
Gold:   1247       SH: 10    Dex: 19    Spells: 33/33 levels left

rFire  . . .     SeeInvis +     j - +10 quick blade (pierce)
rCold  . . .     Gourm    .     J - +0 swamp dragon scales
rNeg   . . .     Faith    .     D - +1 buckler
rPois  +         Spirit   .     d - +2 hat {MR+}
rElec  +         Reflect  .     k - +1 cloak
rCorr  .         Harm     .     (gloves unavailable)
MR     ++++.                    (boots unavailable)
Stlth  +++++++...               (no amulet)
                                z - +4 ring of evasion
                                s - ring "Wonwonni" {rElec rPois Str-3 Stlth+}

@: very quick
A: unfitting armour, see invisible, herbivore 3, speed 3, sense surroundings 1,
slow metabolism 2
}: 1/15 runes: decaying
a: Berserk, Trog's Hand, Burn Spellbooks, Renounce Religion


You were on level 1 of the Vaults.
You worshipped Trog.
Trog was most pleased with you.
You were not hungry.

You visited 7 branches of the dungeon, and saw 32 of its levels.
You also visited: Ice Cave.

You collected 3338 gold pieces.
You spent 2091 gold pieces at shops.

Inventory:

Hand Weapons
 j - a +10 quick blade of piercing (weapon)
Missiles
 x - 6 steel tomahawks (quivered)
Armour
 d - a +2 hat of magic resistance (worn)
 k - a +1 cloak (worn)
 D - a +1 buckler (worn)
 J - +0 swamp dragon scales (worn)
Jewellery
 s - the ring "Wonwonni" (left hand) {rElec rPois Str-3 Stlth+}
   (You found it on level 7 of the Dungeon)

   [ring of stealth]

   It affects your strength (-3).
   It insulates you from electricity.
   It protects you from poison.
   It makes you more stealthy.
 z - a +4 ring of evasion (right hand)
 C - the ring "Mymof" {rPois rC- Int+2 Dex+4}
   (You found it on level 14 of the Dungeon)

   [ring of poison resistance]

   It affects your intelligence (+2).
   It affects your dexterity (+4).
   It makes you vulnerable to cold.
   It protects you from poison.
 G - the ring of Pantheism {rPois rF+ SInv}
   (You found it on level 2 of the Snake Pit)

   [ring of see invisible]

   It protects you from fire.
   It protects you from poison.
   It lets you see invisible.
 K - an uncursed ring of wizardry
Wands
 e - a wand of confusion (29/48)
 f - a wand of confusion (28/48)
 l - a wand of teleportation (0/9)
 v - a wand of heal wounds (1/9)
 H - a wand of paralysis (2/24)
 P - a wand of disintegration (7/24)
 W - a wand of lightning (0/15)
Scrolls
 r - 9 scrolls of remove curse
 w - a scroll of teleportation
 E - 4 scrolls of magic mapping
 L - 7 scrolls of identify
 M - 3 scrolls of immolation
Potions
 a - a potion of mutation
 b - 2 potions of lignification
 i - 3 potions of flight
 m - 13 potions of curing
 o - a potion of ambrosia
 u - 3 potions of might
 A - a potion of resistance
 B - 3 potions of brilliance
 F - 2 potions of cure mutation
 N - 3 potions of invisibility
 S - a potion of berserk rage
Books
 g - a book of Party Tricks

   Spells                             Type                      Level
   a - Summon Butterflies             Summoning                    1
   b - Apportation                    Translocation                1
   c - Lesser Beckoning               Translocation                3
   d - Tukima's Dance                 Hexes                        3
   e - Alistair's Intoxication        Transmutation/Poison         5
   f - Invisibility                   Hexes                        6
   Trog disapproves of the use of such an item.
 h - a book of Fire

   Spells                             Type                      Level
   a - Ignite Poison                  Fire/Transmutation/Poison    3
   b - Fireball                       Conjuration/Fire             5
   c - Bolt of Fire                   Conjuration/Fire             6
   d - Delayed Fireball               Conjuration/Fire             7
   e - Ring of Flames                 Charms/Fire                  7
   Trog disapproves of the use of such an item.
 t - a book of the Earth

   Spells                             Type                      Level
   a - Leda's Liquefaction            Hexes/Earth                  4
   b - Bolt of Magma                  Conjuration/Fire/Earth       5
   c - Statue Form                    Transmutation/Earth          6
   d - Iron Shot                      Conjuration/Earth            6
   e - Shatter                        Earth                        9
   Trog disapproves of the use of such an item.
 y - a book of the Tempests

   Spells                             Type                      Level
   a - Static Discharge               Conjuration/Air              3
   b - Lightning Bolt                 Conjuration/Air              5
   c - Fireball                       Conjuration/Fire             5
   d - Tornado                        Air                          9
   e - Shatter                        Earth                        9
   Trog disapproves of the use of such an item.
Miscellaneous
 n - a disc of storms
 q - a phial of floods
 O - a lamp of fire
 U - a phantom mirror
Comestibles
 c - 15 bread rations
 p - 27 fruits


   Skills:
 + Level 11.0 Fighting
 + Level 15.2 Short Blades
 - Level 5.9 Throwing
 - Level 8.0 Armour
 - Level 20.0 Dodging
 - Level 17.1 Stealth
 - Level 11.0 Shields
 - Level 7.6 Spellcasting
 + Level 17.2 Evocations


You had 33 spell levels left.
You didn't know any spells.

Dungeon Overview and Level Annotations

Branches:
Dungeon (15/15)            Temple (1/1) D:7            Lair (6/6) D:9
  Swamp (4/4) Lair:3        Snake (4/4) Lair:3        Slime (0/5) Lair:5
    Orc (2/2) D:12            Elf (0/3) Orc:2        Vaults (1/5) D:13
 Depths (0/5) D:15

Altars:
Ashenzari
Cheibriados
Dithmenos
Elyvilon
Fedhas
Gozag
Hepliaklqana
Kikubaaqudgha
Makhleb
Nemelex Xobeh
Okawaru
Qazlal
Ru
Sif Muna
Trog
Uskayaw
Vehumet
Xom
Yredelemnul
Zin
The Shining One

Shops:
D:9 (   D:10 }   D:12 %   D:14 %   Orc:2 %((}   Snake:3 *

Annotations:
D:10 exclusion: orange crystal statue
Lair:6 exclusion: 4 oklob plants
Snake:4 Asterion


Innate Abilities, Weirdness & Mutations

You are very small and have problems with some larger weapons.
You are too small for most types of armour.
You have supernaturally acute eyesight. (SInv)
You are a herbivore.
You cover ground extremely quickly.
You need consume almost no food.
You passively map a small area around you.


Message History

There is a web, spattered with blood here.
You struggle to detach yourself from the web.
The jumping spider barely misses you.
The jumping spider completely misses you.
The deep elf mage casts a spell.
The deep elf mage blinks!
You disentangle yourself.
You block the jumping spider's attack. The jumping spider misses you.
The jumping spider leaps!
A large slime creature splits.
The deep elf knight hits you with a long sword.
* * * LOW HITPOINT WARNING * * *
The jumping spider pounces on you but does no damage.
The jumping spider completely misses you.
The deep elf archer shoots an arrow.
The arrow closely misses the deep elf knight.
The arrow hits you!
* * * LOW HITPOINT WARNING * * *
The jumping spider completely misses you.
The jumping spider bites you.
You die...

* ##### , ....# , ...# *
####..# * *#### ,,*,
#..#..# ,...# ### #,
#..#.r# , ...# #..
#'#JJ##'#eC#########..#
#..
.......J.spe(s#...(#..#
#..
......ยง..J.#e@s...)(..#
###
###..#'##s.#).'..)()..#
#.. #. #.
#..#..#...(#..# #..
.',,#. #..#########).#
#.. ## ## #..# #.....).#
### , ...# #....((.# #..
, , ...#
#'############.. * *
#............'..
#............###


You could see an ironheart preserver, a slime creature, a deep elf archer, a
deep elf knight (invisible), a cyclops, a deep elf mage, 2 jumping spiders and a
redback.

Vanquished Creatures
  Saint Roka (Orc:2)
  Vashnia (Snake:2)
  Nikola (Snake:1)
  A tentacled monstrosity (Swamp:4)
  Gastronok (D:10)
  A thorn hunter (Swamp:3)
  Donald (Snake:1)
  5 nagarajas
  Roxanne (Snake:1)
  Aizul (Snake:2)
  A frost giant (IceCv)
  A vault warden (Vaults:1)
  Louise (Snake:4)
  A very ugly thing (Swamp:4)
  A dire elephant (Lair:6)
  Snorg (D:13)
  A green death (Swamp:4)
  2 ettins
  A fire dragon (Lair:6)
  2 yaktaur captains (Vaults:1)
  Erolcha (D:13)
  8 vault guards (D:13)
  Harold (Orc:1)
  14 naga warriors
  A catoblepas (Lair:6)
  14 hydras
  2 rakshasas
  3 centaur warriors
  4 ogre magi
  11 anacondas
  6 alligators
  4 death yaks
  2 tengu warriors (D:15)
  11 naga sharpshooters
  A shock serpent (Snake:2)
  8 spriggans
  An orc high priest (Orc:1)
  Nergalle (D:10)
  2 deep elf knights
  8 salamander mystics
  A spriggan druid (Swamp:3)
  4 skeletal warriors (Vaults:1)
  3 deep trolls
  4 unseen horrors
  The ghost of patrickswayze the Slicer, a novice DECK of Xom (Orc:2)
  9 swamp dragons
  An ironbrand convoker (Vaults:1)
  7 hill giants
  An orange crystal statue (Vaults:1)
  3 naga ritualists
  A deep elf archer (Vaults:1)
  3 orc knights
  8 mana vipers
  2 lindwurms
  2 wolf spiders
  An oklob plant (Lair:6)
  4 deep elf magi
  A faun (Lair:1)
  9 cyclopes
  29 ugly things
  3 manticores
  Joseph (D:7)
  12 salamanders
  3 large abominations (Swamp:4)
  3 centaur zombies
  6 guardian serpents
  19 black mambas
  An ice statue (IceCv)
  A vault sentinel (Vaults:1)
  13 elephants (Lair:6)
  13 naga magi
  2 orange demons (Swamp:4)
  2 gargoyles
  A spiny frog (shapeshifter) (D:15)
  5 rime drakes
  22 spiny frogs
  2 redback zombies (D:15)
  A freezing wraith (D:15)
  12 yaktaurs (Vaults:1)
  16 polar bears
  12 trolls
  A queen bee (Lair:3)
  11 komodo dragons
  9 hornets
  A harpy zombie (D:15)
  2 tengu conjurers
  12 two-headed ogres
  8 dream sheep
  8 bog bodies
  35 slime creatures
  35 blink frogs
  8 tyrant leeches
  A blink frog (shapeshifter) (D:15)
  6 hippogriffs
  The ghost of feito the Gusty, an amateur HEAE (D:3)
  3 shadows
  A vampire (D:12)
  2 wyverns
  4 hogs (D:7)
  3 wraiths
  2 water elementals (D:13)
  46 yaks
  2 basilisks
  17 vampire mosquitoes
  A human (D:7)
  3 hungry ghosts
  Grum (D:10)
  4 steam dragons
  3 wargs
  20 insubstantial wisps
  35 nagas
  12 swamp worms
  An acid dragon (D:15)
  15 water moccasins
  7 porcupines
  8 ice beasts
  7 swamp drakes
  4 sky beasts
  3 phantoms
  32 orc warriors
  A necrophage (D:8)
  An eye of draining (D:14)
  3 black bears
  35 ogres
  16 centaurs
  70 wolves
  A small abomination (Swamp:4)
  13 crocodiles
  Blork the orc (D:6)
  2 big kobolds
  2 wyvern zombies
  17 bullfrogs
  A water moccasin zombie (D:11)
  5 scorpions
  40 killer bees
  8 wights
  6 howler monkeys
  3 electric eels
  5 crimson imps
  4 quasits
  10 jellies
  17 orc priests
  Crazy Yiuf (D:2)
  3 hounds
  A bullfrog skeleton (D:11)
  3 centaur skeletons
  24 orc wizards
  Jessica (D:2)
  Natasha (D:3)
  4 iguanas
  A hell rat (Lair:3)
  14 worker ants
  Ijyb (D:2)
  2 hound zombies
  A hound skeleton (D:9)
  A worker ant zombie (D:9)
  A river rat (Lair:3)
  7 adders
  3 shadow imps
  5 oozes
  A worm (D:3)
  2 dart slugs
  6 leopard geckos
  87 orcs
  3 giant cockroaches
  10 goblins
  8 hobgoblins
  13 jackals
  16 kobolds
  4 quokkas
  A ball python (D:1)
  11 bats
  4 frilled lizards
  A leopard gecko zombie (D:6)
  5 rats
  A fungus (Lair:5)
  A plant (Lair:5)
1256 creatures vanquished.

Vanquished Creatures (collateral kills)
  A tentacled monstrosity (Swamp:4)
  2 nagarajas
  An ettin (Orc:2)
  A green death (Swamp:4)
  5 hydras
  A naga warrior (Snake:1)
  A naga sharpshooter (Snake:4)
  A shock serpent (Snake:3)
  A spriggan (Swamp:4)
  A salamander mystic (Snake:3)
  A swamp dragon (Swamp:4)
  A naga ritualist (Snake:3)
  A manticore (Lair:6)
  3 salamanders (Snake:3)
  3 slime creatures (Swamp:4)
  3 naga magi
  4 elephants (Lair:6)
  A black mamba (Snake:1)
  A spiny frog (Lair:6)
  2 rime drakes (Lair:6)
  4 komodo dragons (Lair:6)
  A blink frog (Lair:6)
  A hornet (Swamp:4)
  2 bog bodies (Swamp:4)
  A shadow (Swamp:4)
  A basilisk (Lair:6)
  2 yaks (Lair:6)
  2 nagas
  2 water moccasins (Lair:6)
  An ice beast (Lair:2)
  An orc warrior (Orc:2)
  A swamp drake (Lair:6)
  An ogre (Orc:2)
  A crocodile (Lair:6)
  An orc wizard (Orc:2)
  An orc priest (Orc:2)
  An iguana (Lair:6)
  3 orcs (Orc:2)
62 creatures vanquished.

Vanquished Creatures (others)
  A black mamba (Snake:2)
  A spiny frog (Swamp:2)
  A swamp worm (Swamp:3)
  A swamp drake (Swamp:3)
  2 briar patches (Swamp:3)
  12 fungi
  14 plants
32 creatures vanquished.

Grand Total: 1350 creatures vanquished

Notes
Turn   | Place    | Note
-------+----------+-------------------------------------------
     0 | D:1      | KristoblXynda the Spriggan Berserker began the quest for the Orb.
     0 | D:1      | Reached XP level 1. HP: 11/11 MP: 2/2
   150 | D:1      | Reached XP level 2. HP: 10/16 MP: 3/3
   771 | D:1      | Reached skill level 1 in Stealth
   776 | D:1      | Reached skill level 5 in Dodging
  1231 | D:2      | Reached XP level 3. HP: 12/19 MP: 4/4
  1440 | D:2      | Found a runed door.
  1444 | D:2      | Noticed Crazy Yiuf
  1454 | D:2      | Killed Crazy Yiuf
  1530 | D:2      | Reached ** piety under Trog
  1544 | D:2      | Noticed Jessica
  1552 | D:2      | Reached XP level 4. HP: 19/23 MP: 5/5
  1562 | D:2      | Killed Jessica
  1976 | D:2      | Noticed Ijyb
  1988 | D:2      | Killed Ijyb
  1988 | D:2      | Reached skill level 6 in Dodging
  2022 | D:2      | Found a blossoming altar of Fedhas.
  2160 | D:2      | Reached XP level 5. HP: 21/27 MP: 6/6
  2430 | D:3      | Noticed feito's ghost (amateur HEAE)
  2441 | D:3      | Killed feito's ghost
  2441 | D:3      | Reached skill level 5 in Short Blades
  2441 | D:3      | Reached skill level 7 in Dodging
  2441 | D:3      | Reached skill level 5 in Stealth
  2441 | D:3      | Reached XP level 6. HP: 32/32 MP: 7/7
  2471 | D:3      | Found an opulent altar of Gozag.
  2472 | D:3      | Found a blossoming altar of Fedhas.
  2856 | D:3      | Found a shadowy altar of Dithmenos.
  2911 | D:3      | Noticed Natasha
  2930 | D:3      | Killed Natasha
  2946 | D:3      | You fall through a shaft for 2 floors!
  2946 | D:5      | Entered Level 5 of the Dungeon
  3023 | D:5      | Reached *** piety under Trog
  3054 | D:5      | Gained mutation: You have a pair of small horns on your head. [potion of beneficial mutation]
  3303 | D:5      | Reached XP level 7. HP: 19/35 MP: 8/8
  3473 | D:5      | HP: 1/35 [phantom (9)]
  3535 | D:5      | Reached skill level 8 in Dodging
  4557 | D:6      | Reached skill level 1 in Evocations
  4880 | D:6      | Noticed Blork the orc
  4973 | D:6      | Reached XP level 8. HP: 39/39 MP: 10/10
  5042 | D:6      | Killed Blork the orc
  5042 | D:6      | Reached skill level 9 in Dodging
  5716 | D:7      | Got a clouded ivory ring
  5717 | D:7      | Identified the ring "Wonwonni" {rElec rPois Str-3 Stlth+} (You found it on level 7 of the Dungeon)
  5742 | D:7      | Found a staircase to the Ecumenical Temple.
  5751 | Temple   | Entered the Ecumenical Temple
  6221 | D:7      | Noticed Joseph
  6236 | D:7      | Killed Joseph
  6236 | D:7      | Reached skill level 10 in Dodging
  6240 | D:7      | Reached XP level 9. HP: 42/43 MP: 11/13
  6314 | D:7      | Reached skill level 5 in Evocations
  6372 | D:7      | Reached skill level 10 in Stealth
  7181 | D:8      | Reached skill level 11 in Dodging
  7514 | D:8      | Got a distressingly furry robe
  7525 | D:8      | Identified the +1 robe of Day {+Fly rC+ Int+4} (You found it on level 8 of the Dungeon)
  7674 | D:8      | Reached **** piety under Trog
  7674 | D:8      | Received a gift from Trog
  8143 | D:9      | Noticed a troll
  8160 | D:9      | Killed a troll
  8160 | D:9      | Reached XP level 10. HP: 47/47 MP: 16/16
  8161 | D:9      | Found Figak's Weapon Boutique.
  8302 | D:9      | Reached skill level 12 in Dodging
  8635 | D:9      | Reached skill level 10 in Short Blades
  8706 | D:9      | Found a staircase to the Lair.
  9323 | Lair:1   | Entered Level 1 of the Lair of Beasts
  9700 | D:10     | Entered Level 10 of the Dungeon
  9768 | D:10     | Noticed Gastronok
  9790 | D:10     | Killed Gastronok
  9790 | D:10     | Reached skill level 13 in Dodging
  9839 | D:10     | Found Wygrel's Gadget Emporium.
  9849 | D:10     | Bought a wand of paralysis (19/24) for 231 gold pieces
  9935 | D:10     | Reached XP level 11. HP: 39/53 MP: 18/18
  9959 | D:10     | Noticed Nergalle
  9961 | D:10     | Noticed an orange crystal statue
  9992 | D:10     | Killed Nergalle
 10118 | D:10     | Noticed Grum
 10154 | D:10     | Killed Grum
 10156 | D:10     | Reached ***** piety under Trog
 10537 | D:10     | Reached skill level 14 in Dodging
 10703 | D:10     | Noticed a hill giant
 10733 | D:10     | Killed a hill giant
 10733 | D:10     | Reached skill level 5 in Fighting
 10972 | D:11     | Noticed a purple ugly thing
 10982 | D:11     | Killed a purple ugly thing
 11227 | D:11     | Noticed a hill giant
 11252 | D:11     | Killed a hill giant
 11379 | D:11     | Noticed a seven-headed hydra
 11388 | D:11     | Received a gift from Trog
 11403 | D:11     | Killed a seven-headed hydra
 11746 | D:12     | Reached skill level 15 in Dodging
 12106 | D:12     | Found Jeusuot's Food Emporium.
 12413 | D:12     | Reached skill level 1 in Armour
 12739 | D:12     | Found a staircase to the Orcish Mines.
 12741 | D:12     | Reached XP level 12. HP: 58/61 MP: 19/19
 13014 | D:13     | Found Moxt's Armour Shop.
 13073 | D:13     | Noticed Snorg
 13093 | D:13     | Killed Snorg
 13155 | D:13     | Noticed a centaur warrior
 13163 | D:13     | Killed a centaur warrior
 13225 | D:13     | Noticed a vault guard
 13225 | D:13     | Noticed a vault guard
 13226 | D:13     | Noticed a vault guard
 13231 | D:13     | Found a gate to the Vaults.
 13231 | D:13     | Noticed a vault guard
 13231 | D:13     | Noticed a vault guard
 13232 | D:13     | Noticed a vault guard
 13232 | D:13     | Noticed a vault guard
 13235 | D:13     | Noticed a vault guard
 13293 | D:13     | Noticed Erolcha
 13314 | D:13     | Killed a vault guard
 13329 | D:13     | Killed a vault guard
 13347 | D:13     | Killed a vault guard
 13353 | D:13     | Killed a vault guard
 13354 | D:13     | Killed Erolcha
 13380 | D:13     | Killed a vault guard
 13948 | D:13     | Killed a vault guard
 13948 | D:13     | Reached skill level 1 in Shields
 13948 | D:13     | Reached XP level 13. HP: 65/65 MP: 20/20
 14099 | Orc:1    | Entered Level 1 of the Orcish Mines
 14099 | Orc:1    | Noticed Harold
 14101 | Orc:1    | Killed Harold
 14764 | Lair:1   | Reached skill level 15 in Stealth
 15456 | Lair:2   | Found a frozen archway.
 15564 | IceCv    | Entered an ice cave
 15881 | IceCv    | Received a gift from Trog
 16258 | IceCv    | Reached skill level 5 in Armour
 16442 | IceCv    | Reached skill level 15 in Short Blades
 16452 | IceCv    | Noticed a frost giant
 16466 | IceCv    | Killed a frost giant
 16875 | Lair:2   | Reached XP level 14. HP: 70/70 MP: 21/21
 17100 | Lair:2   | Reached skill level 5 in Shields
 17523 | Lair:3   | Found a staircase to the Snake Pit.
 17998 | Lair:3   | Received a gift from Trog
 18741 | Lair:3   | Gained mutation: You are agile. (Dex +2) [potion of mutation]
 18741 | Lair:3   | Gained mutation: You tend to lose your temper in combat. [potion of mutation]
 18742 | Lair:3   | Gained mutation: You are frail. (-10% HP) [potion of mutation]
 18742 | Lair:3   | Gained mutation: You passively map a small area around you. [potion of mutation]
 18743 | Lair:3   | Gained mutation: Your movements are slightly less encumbered by armour. (ER -2) [potion of mutation]
 18743 | Lair:3   | Gained mutation: Your system is resistant to poisons. (rPois) [potion of mutation]
 18812 | Lair:3   | Found a staircase to the Swamp.
 18834 | Swamp:1  | Entered Level 1 of the Swamp
 19185 | Lair:4   | Reached skill level 1 in Throwing
 19314 | Lair:4   | Received a gift from Trog
 20275 | Lair:5   | Found a staircase to the Slime Pits.
 20722 | Lair:6   | Entered Level 6 of the Lair of Beasts
 20800 | Lair:6   | Lost mutation: You are frail. (-10% HP) [potion of mutation]
 20907 | Lair:6   | Reached skill level 5 in Throwing
 20994 | Lair:6   | Gained mutation: Your spells are a little easier to cast, but a little less powerful. [potion of mutation]
 20994 | Lair:6   | Lost mutation: Your system is resistant to poisons. (rPois) [potion of mutation]
 20994 | Lair:6   | Lost mutation: Your spells are a little easier to cast, but a little less powerful. [potion of mutation]
 21242 | Lair:6   | Reached ****** piety under Trog
 21350 | Lair:6   | Reached XP level 15. HP: 73/73 MP: 22/22
 21424 | Lair:6   | Received a gift from Trog
 21486 | Lair:6   | Got a clouded platinum amulet
 21493 | Lair:6   | Identified the amulet "Anyntus" {Harm *Drain Dex+3} (You found it on level 6 of the Lair of Beasts)
 21637 | Lair:6   | Reached skill level 16 in Dodging
 21745 | Lair:6   | Received a gift from Trog
 23620 | Orc:2    | Entered Level 2 of the Orcish Mines
 23672 | Orc:2    | Noticed patrickswayze's ghost (novice DECK)
 23872 | Orc:2    | Received a gift from Trog
 24102 | Orc:2    | Killed patrickswayze's ghost
 24224 | Orc:2    | Found Weutseot's Antique Weapon Shop.
 24230 | Orc:2    | Found a staircase to the Elven Halls.
 24285 | Orc:2    | Reached skill level 10 in Evocations
 24350 | Orc:2    | Noticed Saint Roka
 24847 | D:14     | Found Rythroptey's Food Emporium.
 25347 | D:14     | Got a bound tin ring
 25348 | D:14     | Identified the ring "Mymof" {rPois rC- Int+2 Dex+4} (You found it on level 14 of the Dungeon)
 25433 | D:15     | Entered Level 15 of the Dungeon
 25436 | D:15     | Found a sacrificial altar of Ru.
 25550 | D:15     | Received a gift from Trog
 25600 | D:15     | Reached skill level 10 in Shields
 25790 | D:15     | Found a staircase to the Depths.
 25924 | D:15     | Reached XP level 16. HP: 60/79 MP: 25/25
 26580 | Orc:2    | Found Dirien's Food Shop.
 26586 | Orc:2    | Found Fulology's Gadget Emporium.
 26595 | Orc:2    | Found Otacuxt's Weapon Boutique.
 26599 | Orc:2    | Bought a wand of heal wounds (4/9) for 480 gold pieces
 26603 | Orc:2    | Bought a lamp of fire for 400 gold pieces
 26672 | Orc:2    | Received a gift from Trog
 26725 | Orc:2    | Bought 4 fruits for 84 gold pieces
 26725 | Orc:2    | Bought 5 fruits for 105 gold pieces
 26725 | Orc:2    | Bought a bread ration for 70 gold pieces
 26725 | Orc:2    | Bought 2 fruits for 42 gold pieces
 26725 | Orc:2    | Bought a slice of pizza for 21 gold pieces
 26725 | Orc:2    | Bought 5 fruits for 105 gold pieces
 26725 | Orc:2    | Bought a bread ration for 70 gold pieces
 26725 | Orc:2    | Bought a bread ration for 70 gold pieces
 26725 | Orc:2    | Bought a royal jelly for 28 gold pieces
 26924 | Orc:2    | Killed Saint Roka
 27565 | Snake:1  | Entered Level 1 of the Snake Pit
 27604 | Snake:1  | Noticed Roxanne
 27869 | Snake:1  | Noticed Nikola
 27951 | Snake:1  | Noticed Donald
 28128 | Swamp:1  | Reached skill level 17 in Dodging
 29376 | Swamp:2  | Received a gift from Trog
 30592 | Swamp:3  | HP: 2/83 [ghost crab] (15)]
 30811 | Swamp:3  | Noticed a thorn hunter
 30914 | Swamp:3  | Lost mutation: You tend to lose your temper in combat. [potion of cure mutation]
 30914 | Swamp:3  | Lost mutation: You are agile. (Dex +2) [potion of cure mutation]
 30914 | Swamp:3  | Lost mutation: Your movements are slightly less encumbered by armour. (ER -2) [potion of cure mutation]
 30914 | Swamp:3  | Lost mutation: You have a pair of small horns on your head. [potion of cure mutation]
 31052 | Swamp:4  | Entered Level 4 of the Swamp
 31094 | Swamp:4  | Reached skill level 18 in Dodging
 31397 | Swamp:3  | Killed a thorn hunter
 31544 | Swamp:4  | Reached XP level 17. HP: 87/87 MP: 26/26
 31599 | Swamp:4  | Received a gift from Trog
 31601 | Swamp:4  | Noticed a tentacled monstrosity
 31625 | Swamp:4  | Killed a tentacled monstrosity
 32225 | Swamp:4  | Received a gift from Trog
 32390 | Swamp:4  | Noticed a tentacled monstrosity
 32425 | Swamp:4  | Killed a tentacled monstrosity
 32609 | Swamp:4  | Got a decaying rune of Zot
 32926 | Snake:1  | Killed Donald
 33219 | Snake:1  | Received a gift from Trog
 33302 | Snake:1  | Killed Nikola
 33302 | Snake:1  | Reached skill level 10 in Fighting
 33312 | Snake:1  | Reached skill level 19 in Dodging
 33718 | Snake:1  | Killed Roxanne
 33844 | Snake:2  | Identified a scroll of acquirement
 34054 | Snake:2  | Got a bound pewter ring
 34056 | Snake:2  | Identified the ring of Pantheism {rPois rF+ SInv} (You found it on level 2 of the Snake Pit)
 34109 | Snake:2  | Noticed Vashnia
 34442 | Snake:2  | Found a bloodstained altar of Trog.
 34464 | Snake:2  | Noticed Aizul
 34507 | Snake:2  | Killed Aizul
 34511 | Snake:2  | Received a gift from Trog
 34968 | Snake:2  | Killed Vashnia
 35262 | Snake:3  | Received a gift from Trog
 35575 | Snake:3  | Reached XP level 18. HP: 67/95 MP: 28/28
 35789 | Snake:3  | Reached skill level 20 in Dodging
 36233 | Snake:3  | Found Fuwnime's General Store.
 36240 | Snake:3  | Bought a scroll of blinking for 105 gold pieces
 36240 | Snake:3  | Bought a scroll of remove curse for 42 gold pieces
 36240 | Snake:3  | Bought 3 fruits for 63 gold pieces
 36240 | Snake:3  | Bought a potion of curing for 42 gold pieces
 36240 | Snake:3  | Bought 3 fruits for 63 gold pieces
 36240 | Snake:3  | Bought a bread ration for 70 gold pieces
 36933 | Snake:4  | Entered Level 4 of the Snake Pit
 37382 | Snake:4  | Reached skill level 15 in Evocations
 37406 | Snake:4  | Received a gift from Trog
 37435 | Snake:4  | Got a pitted dagger {god gift}
 37436 | Snake:4  | Identified the +7 dagger of Midwinter {venom, MR+++ Int+2} (Trog gifted it to you on level 4 of the Snake Pit)
 37543 | Snake:4  | Noticed Louise
 37854 | Snake:4  | Reached skill level 1 in Spellcasting
 37914 | Snake:4  | Noticed Asterion
 37996 | Snake:4  | Killed Louise
 39102 | Snake:4  | Reached skill level 5 in Spellcasting
 40154 | Vaults:1 | Entered Level 1 of the Vaults
 41727 | Vaults:1 | Reached XP level 19. HP: 96/99 MP: 32/32
 41911 | Vaults:1 | HP: 1/100 [deep elf archer/arrow (10)]
 41911 | Vaults:1 | Slain by a jumping spider

Vault maps used:
D:1:      minmay_arrival_jagged
D:2:      minmay_wonky_spiral, fedhas_altar_4, uniq_crazy_yiuf_cottage,
          uniq_iyjb, uniq_jessica
D:3:      grunt_dithmenos_smoke_and_mirrors, nicolae_overflow_hidden_temple,
          minmay_misc_feat_roman, uniq_natasha
D:5:      first_bread
D:6:      uniq_blork_the_orc
D:7:      grunt_livestock, uniq_joseph
D:9:      david_lair_shrubbed, serial_shops, shop
D:10:     serial_shops, nicolae_shop_temple_entry_statues_fountains,
          minmay_protected_statue, uniq_nergalle, uniq_grum, uniq_gastronok
D:12:     orc_0_dummy, serial_shops, nicolae_shop_crystal
D:13:     erik_vaults_2, lab_entry_generic, hangedman_decor_slide_cut,
          minmay_misc_feat_four_crosses, kennysheep_windowed_goal, uniq_erolcha,
          uniq_snorg
D:14:     serial_shops, nicolae_shop_temple_entry_statues_fountains,
          hangedman_decor_riveting, roderic_chinese_pattern_swastika
D:15:     hangedman_depths_entry_civil_slaughter, nicolae_ru_awakened_eye
Temple:   eino_narrow_crystal_temple
Lair:1:   grunt_forest_large_clearings, grunt_megastairs_3,
          infiniplex_staircase_pool
Lair:2:   portal_ice_cave_entry_ice_beasts, hibernation_bobbens
Lair:3:   regret_index_combs_of_tragedy, minmay_swamp_entry_swarm,
          dummy_snake_entry, serial_bayou_shore_b
Lair:5:   nicolae_slime_entry_slimehenge, grunt_megastairs_5
Lair:6:   hangedman_lair_in_review, guppyfry_lair_end_dragon, st_stairs_9,
          minmay_lair_oklob_chamber, serial_bayou_shore_b, serial_bayou_shore_a,
          lemuel_fruit_tree
Swamp:1:  evilmike_swamp_ruin_house_3
Swamp:2:  evilmike_swamp_ruin_house_5, infiniplex_staircase_pool_2
Swamp:3:  evilmike_swamp_ruin_house_4
Swamp:4:  swamp_vile, swamp_pool3
Snake:1:  uniq_roxanne, uniq_donald, uniq_nikola
Snake:2:  basic_altar, special_room, grunt_megastairs_2, uniq_vashnia,
          uniq_aizul
Snake:3:  serial_shops, shop
Snake:4:  snake_pit_salamanders_mu, uniq_asterion, uniq_louise
Orc:1:    uniq_harold
Orc:2:    st_orc_open, uniq_saint_roka
Vaults:1: vaults_room_door_ring, grunt_vaults_focal, v_rooms_3,
          hangedman_vaults_snaps, vaults_dpeg_ring, v_misc_25,
          vaults_room_door_hall, nicolae_vaults_three_branches, v_misc_33,
          grunt_vaults_bifocal, nicolae_vaults_little_squares_2,
          nicolae_vaults_statue_guard, vaults_mumra_chevron,
          hangedman_vaults_hat, hangedman_vaults_corner_blocks
IceCv:    ice_cave_caverns_01

Skill      XL: |  1  2  3  4  5  6  7  8  9 10 11 12 13 14 15 16 17 18 19 |
---------------+----------------------------------------------------------+-----
Stealth        | 1 2 3 5 6 7 9 10 11 14 15 16 17 | 17.1
Dodging        | 5 6 7 8 10 11 13 15 16 18 19 20 | 20.0
Short Blades   | 4 5 6 7 9 10 12 13 15 | 15.2
Evocations     | 1 4 7 9 10 13 17 | 17.2
Fighting       | 3 6 9 10 11 | 11.0
Armour         | 1 4 5 6 7 8 |  8.0
Shields        | 1 4 8 10 11 | 11.0
Throwing       | 5 |  5.9
Spellcasting   | 7 |  7.6

Action                   |  1- 3 |  4- 6 |  7- 9 | 10-12 | 13-15 | 16-18 | 19-21 || total
-------------------------+-------+-------+-------+-------+-------+-------+-------++-------
Melee: Short sword       |   153 |   259 |   322 |   368 |  1133 |       |       ||  2235
       Headbutt          |       |    11 |    83 |   232 |   686 |   278 |       ||  1290
       Dagger            |       |       |   132 |   549 |       |       |       ||   681
       Quick blade       |       |       |       |       |  1706 |  3186 |   105 ||  4997
       Rapier            |       |       |       |       |       |    10 |       ||    10
Throw: Tomahawk          |       |       |       |       |     2 |     2 |       ||     4
       Throwing net      |       |       |       |       |       |     1 |       ||     1
Invok: Berserk           |     1 |     3 |     3 |     6 |    10 |    19 |       ||    42
       Trog's Hand       |       |     1 |     4 |       |     1 |    10 |       ||    16
       Brothers in Arms  |       |       |       |       |     2 |     8 |       ||    10
       Burn Spellbooks   |       |       |       |       |     1 |       |       ||     1
Evoke: Wand              |       |     1 |     1 |    32 |    21 |    33 |     3 ||    91
       Disc of storms    |       |       |       |       |     7 |       |       ||     7
       Phial of floods   |       |       |       |       |     2 |     3 |       ||     5
       Lamp of fire      |       |       |       |       |       |     4 |       ||     4
  Use: Scroll            |       |     6 |    14 |     5 |    16 |    19 |       ||    60
       Potion            |       |     1 |       |     3 |     7 |     7 |       ||    18
 Stab: Sleeping          |     3 |     4 |    17 |    18 |    50 |    49 |       ||   141
       Distracted        |       |       |       |     6 |     7 |    15 |       ||    28
       Paralysed         |       |       |       |    10 |     1 |     1 |       ||    12
       Confused          |       |       |       |       |       |     1 |     5 ||     6
       Held in net/web   |       |       |       |       |       |     2 |       ||     2
  Eat: Bread ration      |       |     1 |     1 |       |     1 |     4 |       ||     7
       Fruit             |       |       |     1 |     5 |    12 |    18 |       ||    36
       Pizza             |       |       |       |     4 |     6 |     1 |       ||    11
       Royal jelly       |       |       |       |     1 |       |     2 |       ||     3
Armor: Animal skin       |     7 |    30 |    24 |       |       |       |       ||    61
       Robe              |       |       |     4 |    39 |       |       |       ||    43
       Troll leather arm |       |       |       |     7 |   110 |    54 |       ||   171
       Swamp dragon scal |       |       |       |       |       |    36 |     3 ||    39
Dodge: Dodged            |   122 |   221 |   298 |   592 |  1463 |  1271 |    39 ||  4006
Block: Buckler           |       |       |       |     2 |   660 |   662 |    24 ||  1348
